 Dungeon Crawl Stone Soup version 0.22-a0-614-g34fbaa0 (webtiles) character file.

522 robertstho the Chopper (level 7, -3/55 HPs)
             Began as a Formicid Fighter on July 13, 2018.
             Was a Follower of Okawaru.
             Slain by an ogre
             ... wielding a +0 giant spiked club
              (10 damage)
             ... on level 4 of the Dungeon.
             The game lasted 00:06:49 (3717 turns).

robertstho the Chopper (Formicid Fighter)           Turns: 3717, Time: 00:06:49

Health: -3/55      AC: 13    Str: 26    XL:     7   Next: 46%
Magic:  7/7        EV:  4    Int:  7    God:    Okawaru [*.....]
Gold:   203        SH: 15    Dex: 12    Spells: 6/6 levels left

rFire    . . .     SeeInvis +   c - +1 hand axe (flame)
rCold    + . .     Gourm    .   z - +0 large shield
rNeg     . . .     Faith    .   y - +0 plate armour
rPois    .         Spirit   .   (helmet unavailable)
rElec    .         Reflect  .   (no cloak)
rCorr    +         Harm     .   k - +0 pair of gloves
MR       .....                  (no boots)
Stlth    ..........             (no amulet)
HPRegen  0.18/turn              A - ring of protection from cold
MPRegen  0.10/turn              D - ring of resist corrosion

@: mighty
A: permanent stasis, dig shafts and tunnels, four strong arms, antennae 3
a: Dig, Shaft Self, Heroism, Renounce Religion


You were on level 4 of the Dungeon.
You worshipped Okawaru.
Okawaru was aware of your devotion.
You were hungry.

You visited 1 branch of the dungeon, and saw 4 of its levels.

You collected 203 gold pieces.

Inventory:

Hand Weapons
 a - a +0 war axe
 c - a +1 hand axe of flaming (weapon)
 j - a +4 hand axe
Missiles
 b - 14 arrows
 m - 34 sling bullets
 x - 4 poisoned tomahawks (quivered)
Armour
 k - a +0 pair of gloves (worn)
 y - a +0 plate armour (worn)
 z - a +0 large shield (worn)
Jewellery
 A - a ring of protection from cold (left hand)
 B - an uncursed ring of flight
 D - a ring of resist corrosion (right hand)
Wands
 p - a wand of iceblast (7)
Scrolls
 e - 6 scrolls of identify {unknown}
 g - a scroll of remove curse {unknown}
 h - a scroll of amnesia {unknown}
 l - 4 scrolls of teleportation {unknown}
 o - a scroll of magic mapping {unknown}
 r - 2 scrolls of blinking {unknown}
 s - a scroll of immolation {unknown}
 t - 2 scrolls of enchant weapon {unknown}
Potions
 d - a potion of might
 n - a potion of flight {unknown}
 q - a potion of ambrosia {unknown}
 u - a potion of mutation {unknown}
 v - 2 potions of brilliance {unknown}
 w - a potion of heal wounds {unknown}
 C - 2 potions of curing {unknown}
Comestibles
 f - 6 rations


   Skills:
 + Level 4.4 Fighting
 * Level 5.3 Axes
 + Level 0.1 Throwing
 * Level 5.1 Armour
 + Level 0.7 Dodging
 + Level 4.8 Shields


You had 6 spell levels left.
You didn't know any spells.
Your spell library was empty.

Dungeon Overview and Level Annotations

Branches:
Dungeon (4/15)
 Temple: D:4-7

Altars:
Ashenzari
Kikubaaqudgha
Okawaru
Wu Jian


Innate Abilities, Weirdness & Mutations

You cannot be hasted, slowed, berserked, paralysed or teleported.
You can dig through walls and to a lower floor.
Your four strong arms can wield two-handed weapons with a shield.
You have a pair of large antennae on your head. (SInv)


Message History

There is an open door here.
An ogre comes into view. It is wielding a giant spiked club.
The ogre shouts!
You block the ogre's attack.
An ogre is nearby!
You hit the ogre. You burn the ogre.
The ogre is lightly wounded.
The ogre hits you with a giant spiked club!!
You barely miss the ogre.
The ogre is lightly wounded.
You completely miss the ogre.
The ogre is lightly wounded.
The ogre hits you with a giant spiked club!!
* * * LOW HITPOINT WARNING * * *
You are too injured to fight recklessly!
You are too injured to fight recklessly!
You are too injured to fight recklessly!
You feel very mighty all of a sudden.
The ogre hits you with a giant spiked club!
You die...

#.....#####'#..
#..[..# #.#.# #.....#
#.#.. #.....# #....
######.....#########
#....'......).#
#.####.....#)##
#.#......#.#(#
#.#@######.#[#######
#.#.O......#........
##.##########........
#......# #<.......
######.# #........
#.# #........ #.#
#.....).. #.#
......... #.#
.........


You could see an ogre.

Vanquished Creatures
  An ogre (D:4)
  A scorpion (D:4)
  4 orc wizards (D:4)
  4 worker ants (D:4)
  An iguana (D:4)
  3 adders (D:3)
  An adder skeleton (D:2)
  A worm (D:2)
  11 dart slugs
  4 leopard geckos
  13 orcs
  3 ball pythons
  4 bats
  3 giant cockroaches
  6 goblins
  4 hobgoblins
  5 jackals
  A quokka (D:2)
  7 frilled lizards
  7 kobolds
  4 rats
88 creatures vanquished.

Notes
Turn   | Place    | Note
-------+----------+-------------------------------------------
     0 | D:1      | robertstho the Formicid Fighter began the quest for the Orb.
     0 | D:1      | Reached XP level 1. HP: 18/18 MP: 1/1
    50 | D:1      | Reached XP level 2. HP: 12/24 MP: 2/2
   389 | D:1      | Reached XP level 3. HP: 29/29 MP: 3/3
   752 | D:2      | Found a shattered altar of Ashenzari.
  1094 | D:2      | Reached XP level 4. HP: 36/36 MP: 4/4
  1777 | D:3      | Found an ancient bone altar of Kikubaaqudgha.
  1939 | D:3      | Reached XP level 5. HP: 39/42 MP: 5/5
  2103 | D:3      | Found an ornate altar of the Wu Jian Council.
  2108 | D:3      | Found an iron altar of Okawaru.
  2299 | D:3      | Became a worshipper of Warmaster Okawaru
  2568 | D:4      | Reached XP level 6. HP: 31/48 MP: 6/6
  2935 | D:4      | Reached * piety under Okawaru
  3109 | D:4      | Reached skill level 5 in Armour
  3242 | D:4      | Reached skill level 5 in Axes
  3242 | D:4      | Reached XP level 7. HP: 53/53 MP: 7/7
  3717 | D:4      | Slain by an ogre

Vault maps used:
D:1:      lemuel_arrival_muddy
D:2:      first_ration, serial_park_tiny_1, evilmike_ruin_ashenzari
D:3:      amethyst_overflow_temple_binary, kiku_gazebo_pond_becter,
          minmay_misc_feat_cross, hangedman_decor_lopped
D:4:      kennysheep_slugbush

Skill      XL: |  1  2  3  4  5  6  7 |
---------------+----------------------+-----
Shields        | 4 |  4.8
Axes           | 3 4 5 |  5.3
Armour         | 4 5 |  5.1
Fighting       | 4 |  4.4
Throwing       | |  0.1
Dodging        | |  0.7

Action                   |  1- 3 |  4- 6 |  7- 9 || total
-------------------------+-------+-------+-------++-------
Melee: War axe           |   109 |   130 |       ||   239
       Hand axe          |       |    54 |    17 ||    71
Throw: Tomahawk          |       |     5 |       ||     5
       Throwing net      |       |     1 |       ||     1
  Use: Potion            |       |       |     1 ||     1
  Eat: Chunk             |     1 |     7 |     1 ||     9
Armor: Scale mail        |    13 |       |       ||    13
       Chain mail        |    70 |    32 |       ||   102
       Plate armour      |       |    62 |       ||    62
Dodge: Dodged            |    32 |    24 |     2 ||    58
Block: Shield            |    58 |    50 |       ||   108
       Large shield      |       |    78 |     7 ||    85

Table legend:
 A = Spawn XP
 B = Non-spawn XP
 C = Spawn XP percentage of total XP
 D = Spawn monster count
 E = Non-spawn monster count
 F = Spawn count percentage of total count
 G = Total turns spent on level
                    A         B        C        D         E        F      G
               +---------+---------+-------+---------+---------+-------+---------
         Total |       0 |     747 |   0.0 |       0 |      88 |   0.0 |  3717
               +---------+---------+-------+---------+---------+-------+---------
           D:1 |       0 |      45 |   0.0 |       0 |      24 |   0.0 |   673
           D:2 |       0 |      26 |   0.0 |       0 |      11 |   0.0 |   817
           D:3 |       0 |      69 |   0.0 |       0 |      18 |   0.0 |  1045
           D:4 |       0 |     607 |   0.0 |       0 |      35 |   0.0 |  1182
               +---------+---------+-------+---------+---------+-------+---------
